 Dungeon Crawl Stone Soup version 0.29.1-15-g9cfb28693d (webtiles) character file.

Game seed: 7583733059680070621

9967 BabyfaceFinlayson the Ogre Mage (level 11, -1/98 HPs)
             Began as an Ogre Fire Elementalist on Mar 6, 2023.
             Slain by an orc warlord
             ... wielding a +2 great sword
              (16 damage)
             ... on level 1 of the Orcish Mines on Mar 7, 2023.
             The game lasted 00:56:05 (17791 turns).

BabyfaceFinlayson the Ogre Mage (OgFE)             Turns: 17791, Time: 00:56:06

Health: -1/98      AC:  7    Str: 14    XL:     11   Next: 54%
Magic:  11/26      EV: 11    Int: 26    God:
Gold:   484        SH:  0    Dex: 15    Spells: 14/33 levels left

rFire   . . .      SeeInvis .   j - +6 dagger (vamp)
rCold   . . .      Faith    .   (no shield)
rNeg    . . .      Spirit   .   n - +2 robe {Will+}
rPois   .          Reflect  .   (helmet restricted)
rElec   .          Harm     .   l - +1 cloak
rCorr   .          Rampage  .   (gloves unavailable)
Will    ++...                   (boots unavailable)
Stlth   ++........              q - amulet of the acrobat
HPRegen 0.26/turn               s - +6 ring of intelligence
MPRegen 0.20/turn               b - +6 ring of dexterity

@: no status effects
A: large, unfitting armour, tough skin 1
a: no special abilities


You were on level 1 of the Orcish Mines.
You visited 2 branches of the dungeon, and saw 11 of its levels.

You collected 484 gold pieces.

Inventory:

Hand Weapons
 j - a +6 vampiric dagger (weapon)
Armour
 c - the +1 robe of the Equator {Int+2 Dex+2}
   (You found it on level 3 of the Dungeon)

   Int:       It affects your intelligence (+2).
   Dex:       It affects your dexterity (+2).
 l - a +1 cloak (worn)
 n - a +2 robe of willpower (worn)
Jewellery
 b - a +6 ring of dexterity (right hand)
 p - a ring of flight
 q - an amulet of the acrobat (around neck)
 s - a +6 ring of intelligence (left hand)
 t - a ring of poison resistance
 u - a +6 ring of dexterity
Wands
 a - a wand of paralysis (7)
 C - a wand of mindburst (10)
Scrolls
 d - 2 scrolls of teleportation
Potions
 e - 3 potions of resistance
 f - 2 potions of ambrosia
 g - a potion of mutation {unknown}
 h - 2 potions of haste {unknown}
 i - a potion of cancellation {unknown}
 k - 2 potions of berserk rage {unknown}
 m - a potion of curing
 o - 2 potions of brilliance {unknown}
 r - a potion of invisibility {unknown}
 v - 2 potions of lignification {unknown}
 z - a potion of degeneration {unknown}
 A - a potion of magic


   Skills:
 + Level 3.9 Fighting
 + Level 2.2 Short Blades
 + Level 3.3 Dodging
 + Level 3.2 Stealth
 + Level 11.9 Spellcasting
 + Level 3.4 Conjurations
 + Level 5.5 Hexes
 + Level 1.4 Summonings
 + Level 9.9 Fire Magic
 + Level 0.2 Evocations


You had 14 spell levels left.
You knew the following spells:

 Your Spells              Type           Power      Damage    Failure   Level
a - Foxfire               Conj/Fire      100%       2x1d9     1%          1
b - Scorch                Fire           100%       2d10      1%          2
c - Inner Flame           Hex/Fire       54%        N/A       1%          3
d - Flame Wave            Conj/Fire      50%        2d12      2%          4
e - Summon Guardian Gole  Hex/Summ       33%        N/A       2%          3
f - Starburst             Conj/Fire      25%        6d8       36%         6

Your spell library contained the following spells:

 Spells                   Type           Power      Damage    Failure   Level
 Summon Small Mammal      Summ           92%        N/A       1%          1
 Conjure Flame            Conj/Fire      50%        6-21      1%          3
 Dazzling Flash           Conj/Hex       78%        N/A       1%          3
 Necrotise                Necr           60%        1d7       3%          1
 Portal Projectile        Hex/Tloc       60%        N/A       3%          3
 Sublimation of Blood     Necr           15%        N/A       6%          2
 Wereblood                Tmut           15%        N/A       6%          2
 Call Canine Familiar     Summ           23%        N/A       6%          3
 Vampiric Draining        Necr           15%        2d7       12%         3
 Leda's Liquefaction      Hex/Erth       15%        N/A       12%         4
 Iskenderun's Battlesphe  Conj           33%        2d9       26%         5
 Silence                  Hex/Air        15%        N/A       32%         5
 Agony                    Necr           15%        N/A       71%         5
 Haunt                    Necr/Summ      9%         N/A       100%        7
 Spellforged Servitor     Conj/Summ      14%        N/A       100%        7
 Summon Hydra             Summ           11%        N/A       100%        7
 Lehudib's Crystal Spear  Conj/Erth      12%        10d4      100%        8
 Fire Storm               Conj/Fire      25%        8d6       100%        9


Dungeon Overview and Level Annotations

Branches:
Dungeon (10/15)            Temple (0/1) D:7            Lair (0/5) D:10
    Orc (1/2) D:9

Altars:
Cheibriados
Okawaru
Qazlal
Ru
Trog
Uskayaw
The Shining One


Innate Abilities, Weirdness & Mutations

You are too large for most types of armour.
You have tough skin. (AC +1)


Message History

The flame wave engulfs the orc priest!
The orc priest is almost dead.
You finish channelling waves of flame.
The orc warlord roars a battlecry!
The orc wizard goes into a battle-frenzy!
As you read the scroll of butterflies, it crumbles to dust.
You hear the tinkle of a tiny bell.
The orc warlord hits you with a +2 great sword.
* * * LOW HITPOINT WARNING * * *
The orc wizard hits you but does no damage.
Okay, then.
Casting: Flame Wave (dangerous; 2% risk of failure)
Confirm with . or Enter, or press ? or * to list all spells.
Okay, then.
Casting: Flame Wave (dangerous; 2% risk of failure)
Confirm with . or Enter, or press ? or * to list all spells.
Casting: Flame Wave (dangerous; 2% risk of failure)
Press: ? - help, Dir - look around, f - activate Really fire at your butterfly?
A wave of flame ripples out!
The flame wave engulfs your butterfly!
You kill your butterfly!
Your butterfly disappears in a burst of colours!
The flame wave engulfs the orc priest!
You kill the orc priest!
The flame wave engulfs the orc wizard!
You kill the orc wizard!
The flame wave engulfs your butterfly.
You kill your butterfly!
Your butterfly disappears in a burst of colours!
The flame wave engulfs the orc warlord!
The orc warlord is heavily wounded.
The flame wave engulfs your butterfly.
You kill your butterfly!
Your butterfly disappears in a burst of colours!
The flame wave engulfs your butterfly!!
You kill your butterfly!
Your butterfly disappears in a burst of colours! (Press . to intensify the flame waves.)
The orc warlord hits you with a +2 great sword!
You die...

##..........#$.
#........^.....
...............
...............
$.....b........
.......b.......
......)o)......
......>@b.(b.$.
.....b)$)b.b...
.......b.[.....
...............
..$..>.o.b.....
$...........#..
............$ .
..............


You could see an orc warlord (ally target) and an orc wizard (strong).

Vanquished Creatures
  A boulder beetle (D:10)
  2 two-headed ogres
  A hornet (D:9)
  Grinder (D:6)
  A shadow (D:10)
  Sigmund (D:6)
  13 yaks
  A steam dragon (D:7)
  2 wargs (D:9)
  An acid dragon (D:9)
  2 water moccasins
  2 ice beasts
  6 orc warriors
  A black bear (D:4)
  A sky beast (D:6)
  7 ogres
  2 centaurs
  A phantom (D:5)
  A kobold brigand (D:7)
  3 bullfrogs
  2 necrophages
  2 scorpions
  A gnoll sergeant (D:9)
  4 wights (D:8)
  3 killer bees (D:8)
  5 howler monkeys
  7 hounds
  5 orc priests
  A jelly (D:5)
  2 iguanas
  8 orc wizards
  Robin (D:2)
  6 gnolls
  11 adders
  An ufetubus (D:5)
  3 worms
  27 orcs
  5 endoplasms
  6 giant cockroaches
  11 goblins
  15 hobgoblins
  A jackal (D:1)
  12 kobolds
  4 quokkas
  4 ball pythons
  3 bats
  3 frilled lizards
  4 rats (D:1)
207 creatures vanquished.

Vanquished Creatures (collateral kills)
  A foxfire (D:5)
1 creature vanquished.

Vanquished Creatures (others)
  An orc sorcerer (D:9)
  2 yaks (D:8)
  2 orc warriors
  A centaur (D:9)
  5 wights (D:9)
  3 gnolls (D:9)
  3 orcs (D:8)
  295 foxfires
  42 plants
354 creatures vanquished.

Grand Total: 562 creatures vanquished

Notes
Turn   | Place    | Note
-------+----------+-------------------------------------------
     0 | D:1      | BabyfaceFinlayson the Ogre Fire Elementalist began the
                  | quest for the Orb.
     0 | D:1      | Reached XP level 1. HP: 16/16 MP: 3/3
   416 | D:1      | Reached XP level 2. HP: 24/24 MP: 3/5
   556 | D:1      | Reached skill level 1 in Conjurations
   963 | D:1      | Learned a level 2 spell: Scorch
  1614 | D:2      | Reached XP level 3. HP: 32/32 MP: 0/6
  1618 | D:2      | Learned a level 3 spell: Inner Flame
  1900 | D:2      | Found a faded altar of an unknown god.
  1908 | D:2      | Noticed a golden eye
  1914 | D:2      | Noticed a shining eye
  1918 | D:2      | Noticed a golden eye
  1918 | D:2      | Noticed a golden eye
  2216 | D:2      | Noticed Robin
  2220 | D:2      | Reached XP level 4. HP: 40/40 MP: 5/8
  2374 | D:2      | Killed Robin
  2375 | D:2      | Reached skill level 3 in Spellcasting
  2381 | D:2      | Reached skill level 1 in Fighting
  2825 | D:3      | Identified the +1 robe of the Equator {Int+2 Dex+2}
  3112 | D:3      | Reached skill level 1 in Short Blades
  3112 | D:3      | Reached XP level 5. HP: 19/48 MP: 7/10
  4317 | D:4      | Reached skill level 4 in Spellcasting
  4317 | D:4      | Reached XP level 6. HP: 53/55 MP: 4/12
  4463 | D:4      | Paralysed by a kobold for 2 turns
  4844 | D:4      | Reached skill level 1 in Hexes
  5035 | D:4      | Learned a level 4 spell: Flame Wave
  5155 | D:4      | Noticed a black bear
  5161 | D:4      | Killed a black bear
  5757 | D:4      | Reached XP level 7. HP: 58/62 MP: 9/14
  5981 | D:5      | Entered Level 5 of the Dungeon
  6006 | D:5      | Reached skill level 5 in Spellcasting
  6956 | D:5      | Reached skill level 6 in Spellcasting
  6956 | D:5      | Reached XP level 8. HP: 70/70 MP: 4/17
  7154 | D:5      | Reached skill level 5 in Fire Magic
  7728 | D:6      | Learned a level 3 spell: Summon Guardian Golem
  7783 | D:6      | Reached skill level 7 in Spellcasting
  7878 | D:6      | Found a glowing golden altar of the Shining One.
  8321 | D:6      | Noticed Sigmund
  8326 | D:6      | Killed Sigmund
  8575 | D:6      | Reached XP level 9. HP: 76/76 MP: 13/20
  8751 | D:6      | Noticed Grinder
  8757 | D:6      | Killed Grinder
  8758 | D:6      | Reached skill level 8 in Spellcasting
  9111 | D:7      | Found a staircase to the Ecumenical Temple.
  9118 | D:7      | Identified a scroll of acquirement
  9119 | D:7      | Acquired the Teachings on Destructive Invitation
  9804 | D:8      | Noticed a two-headed ogre
  9811 | D:8      | Killed a two-headed ogre
  9812 | D:8      | Reached skill level 9 in Spellcasting
 10028 | D:8      | Reached XP level 10. HP: 55/87 MP: 0/23
 10981 | D:8      | Reached skill level 10 in Spellcasting
 14260 | D:9      | Reached skill level 5 in Hexes
 14271 | D:9      | Reached XP level 11. HP: 79/96 MP: 13/25
 14378 | D:9      | Found a staircase to the Orcish Mines.
 14485 | D:10     | Entered Level 10 of the Dungeon
 14492 | D:10     | Noticed a two-headed ogre
 14502 | D:10     | Killed a two-headed ogre
 14503 | D:10     | Reached skill level 11 in Spellcasting
 14503 | D:10     | Reached skill level 1 in Summonings
 14869 | D:10     | Found a hide-covered altar of Uskayaw.
 14869 | D:10     | Found an iron altar of Okawaru.
 14939 | D:10     | Found a snail-covered altar of Cheibriados.
 14997 | D:10     | Found a bloodstained altar of Trog.
 15023 | D:10     | Identified the +6 plate armour of the Eternal Void {+Blink}
 15046 | D:10     | Noticed a boulder beetle
 15081 | D:10     | Killed a boulder beetle
 15351 | D:10     | Found a staircase to the Lair.
 15396 | D:10     | Found a sacrificial altar of Ru.
 15396 | D:10     | Found a stormy altar of Qazlal.
 16031 | Orc:1    | Entered Level 1 of the Orcish Mines
 16639 | Orc:1    | Noticed an orc sorcerer
 16811 | Orc:1    | Noticed an orc warlord
 17478 | D:9      | Killed an orc sorcerer
 17784 | D:9      | Learned a level 6 spell: Starburst
 17791 | Orc:1    | Slain by an orc warlord

Illustrated notes

Levels and vault maps discovered:
D:1:      shiori_arrival_maze, layout_basic, serial_bayou_pond_b
D:2:      layout_basic, hellmonk_ecumenical_altar_watching_god,
          minmay_misc_feat_secret_circle, serial_bayou_ford_a,
          minmay_misc_feat_cross, uniq_robin
D:3:      layout_loops_cross, serial_aquarium, aquarium_bridge_island_small
          [aquarium_subvault_small_open, aquarium_subvault_bridge,
          aquarium_subvault_bridge, aquarium_subvault_wall,
          aquarium_subvault_bridge], aquarium_window_3, aquarium_window_1,
          aquarium_window_fake, aquarium_window_corner, aquarium_view_2b,
          aquarium_view_2b, aquarium_balcony_1b, aquarium_pool_split,
          kennysheep_generic_room_14
D:4:      layout_cave_pods, kennysheep_another_room, kennysheep_generic_room_3
D:5:      layout_loops_ring, serial_bayou_pond_b
D:6:      layout_basic, tso_metal_star, minmay_misc_feat_doors, uniq_grinder,
          uniq_sigmund
D:7:      layout_loops_ring, temple_pool_b
D:8:      minmay_evil_eye, layout_loops_corners
D:9:      layout_basic, orc_0_dummy
D:10:     layout_basic, grunt_temple_overflow_open, cheibriados_altar_2,
          david_lair_shrubbed
Orc:1:    layout_caves

Skill      XL: |  1  2  3  4  5  6  7  8  9 10 11 |
---------------+----------------------------------+-----
Fire Magic     | 3 4 6 7 9 |  9.9
Conjurations   | 1 2 3 |  3.4
Dodging        | 2 3 |  3.3
Spellcasting   | 3 4 6 7 9 10 11 | 11.9
Fighting       | 1 2 3 |  3.9
Short Blades   | 1 2 |  2.2
Stealth        | 2 3 |  3.2
Hexes          | 1 3 4 5 |  5.5
Summonings     | 1 |  1.4
Evocations     | |  0.2

Action                   |  1- 3 |  4- 6 |  7- 9 | 10-12 || total
-------------------------+-------+-------+-------+-------++-------
Melee: Dagger            |     2 |    23 |     2 |    31 ||    58
       Unarmed           |     1 |       |       |       ||     1
       Punch             |       |       |       |     1 ||     1
 Cast: Foxfire           |    49 |    60 |    42 |    40 ||   191
       Scorch            |     7 |    22 |    46 |    45 ||   120
       Inner Flame       |       |    15 |    38 |    33 ||    86
       Flame Wave        |       |       |     1 |    10 ||    11
       Summon Guardian G |       |       |       |    25 ||    25
       Starburst         |       |       |       |     1 ||     1
Evoke: Wand              |       |       |       |     4 ||     4
  Use: Scroll            |     6 |     3 |     5 |    12 ||    26
       Potion            |       |     3 |       |     4 ||     7
 Stab: Paralysed         |       |       |       |     2 ||     2
Armor: Robe              |    13 |    24 |     7 |    26 ||    70
Dodge: Dodged            |    37 |    36 |    21 |    79 ||   173
